[Event "*** Titled Tuesday Blitz"]
[Site "Chess.com"]
[Date "2018.01.02"]
[Round "7"]
[White "tomsishere"]
[Black "pandamaster3000"]
[Result "1-0"]
[WhiteElo "2314"]
[BlackElo "2267"]
[TimeControl "180+2"]
[EndTime "14:34:45 PST"]
[Termination "tomsishere won by checkmate"]

1. d4 Nf6 2. c4 g6 3. f3 Bg7 4. e4 d6 5. Ne2 e5 6. d5 Nh5 7. Be3 f5 8. Nbc3 Bf6 9. Qd2 f4 10.
Bf2 Bh4 11. g3 Bg5 12. g4 Bxg4 13. fxg4 f3 14. Be3 Bxe3 15. Qxe3 fxe2 16. gxh5 exf1=Q+ 17. Rxf1 Qh4+ 18. Qf2 Qxf2+ 19. Rxf2 Nd7 20. hxg6 hxg6 21.
Nb5 O-O-O 22. Nxa7+ Kb8 23. Nb5 Nc5 24. Re2 Rh4 25.
Nc3 Nd3+ 26. Kd1 Rdh8 27. Kc2 Nf4 28. Rd2 Rxh2 29. Rg1 Rxd2+ 30. Kxd2 Rh2+ 31. Kd1 Rxb2 32. Rh1 Ka7 33. Rh7 Rg2 34. Rxc7 Kb6 35. Rc8 Rg1+ 36. Kd2 Rg2+ 37. Kd1 Rg1+ 38. Kc2 Rg2+ 39. Kb3 Nd3 40. Na4+ Ka5 41. Ra8# 1-0

[Event "*** Titled Tuesday Blitz"]
[Site "Chess.com"]
[Date "2018.01.02"]
[Round "7"]
[White "Squirlolz"]
[Black "Indianlad"]
[Result "0-1"]
[WhiteElo "2482"]
[BlackElo "2654"]
[TimeControl "180+2"]
[EndTime "14:34:48 PST"]
[Termination "Indianlad won on time"]

1. e4 e5 2. Nf3 Nc6 3. Bb5 a6 4. Ba4 Nf6 5. O-O Be7 6. d3 b5 7.
Bb3 O-O 8. Nc3 d6 9. a3 Be6 10. Bxe6 fxe6 11. Ne2 Nh5 12. Ng3 Nf4 13. Be3 h5 14. d4 h4 15. Ne2 h3 16. Bxf4 hxg2 17. Kxg2 exf4 18. Kh1 Qe8 19. Rg1 Qh5 20. Nc3 Rf6 21.
Rg2 Raf8 22. Qd3 Rh6 23. Rag1 Rh7 24. Ne2 e5 25. dxe5 Nxe5 26. Nxe5 dxe5 27. f3 Rd8 28.
Qb3+ Qf7 29. Nc3 Qxb3 30. cxb3 c6 31. Rd1 Rxd1+ 32. Nxd1 Rh3 33. Rf2 Bc5 34. Kg2 Rh6 35. Rc2 Bd4 36. Nc3 Rg6+ 37. Kh3 Kf7 38. Ne2 Be3 39. Nc3 Rg1 40. Ne2 Re1 41. Kg4 c5 42. Kf5 Rf1 43. Kg4 Rf2 44. h4 g6 45. Kh3 Kg7 46. Kg4 Kh6 47. a4 b4 48. h5 gxh5+ 49. Kf5 h4 50. Kxe5 h3 0-1

[Event "*** Titled Tuesday Blitz"]
[Site "Chess.com"]
[Date "2018.01.02"]
[Round "7"]
[White "nickmatta"]
[Black "evgenysharapov"]
[Result "0-1"]
[WhiteElo "2219"]
[BlackElo "2375"]
[TimeControl "180+2"]
[EndTime "14:34:51 PST"]
[Termination "evgenysharapov won by resignation"]

1. d4 d5 2. c4 c6 3. Nf3 Nf6 4. Qc2 g6 5. Bf4 dxc4 6. Qxc4 Bg7 7. Nc3 Bf5 8. Ne5 O-O 9. e3 Nbd7 10. Be2 Qb6 11. Qb3 Qxb3 12. axb3 Nxe5 13. Bxe5 Nd7 14. Bxg7 Kxg7 15. e4 Be6 16. b4 Nb6 17. b5 Rfd8 18. bxc6 bxc6 19. Rd1 Rd7 20. Bf3 Rad8 21. Ne2 Bc4 22.
O-O Bxe2 23. Bxe2 Rxd4 24. Ra1 Rd2 25. Bf3 Rxb2 26. Rxa7 e5 27. Bg4 h5 28. Be6 Rf8 29. Rc1 Nc8 30. Rc7 Nd6 31. f3 Nb5 32. Rb7 Rd2 33. Bh3 Nd4 34. Rc5 Ra8 35. Rb1 Kf6 36. Rc3 Raa2 37. Rf1 Ne2+ 38. Kh1 Nxc3 39. f4 exf4 40.
Rxf4+ Ke5 41. Rf1 Nxe4 42. g3 Nf2+ 43. Kg1 Nxh3+ 0-1

[Event "*** Titled Tuesday Blitz"]
[Site "Chess.com"]
[Date "2018.01.02"]
[Round "7"]
[White "aquiles88"]
[Black "Grebeniuk-S"]
[Result "1-0"]
[WhiteElo "2071"]
[BlackElo "2368"]
[TimeControl "180+2"]
[EndTime "14:34:58 PST"]
[Termination "aquiles88 won by resignation"]

1. g3 f5 2. Bg2 Nf6 3. d4 g6 4.
Nf3 d6 5. b3 Bg7 6. Bb2 c6 7. c4 a5 8. O-O O-O 9. Nbd2 a4 10. Qc2 Na6 11. Bc3 Qb6 12. Rfe1 Nb4 13. Qb2 Ne4 14. Nxe4 fxe4 15. Ng5 d5 16. c5 Qb5 17. bxa4 Rxa4 18. a3 Na6 19. Qxb5 cxb5 20. Reb1 Bd7 21. Bh3 Bxh3 22. Nxh3 Nc7 23. e3 Rfa8 24. Bb4 e5 25. dxe5 Bxe5 26. Ra2 Kg7 27. Rd2 h6 28. Nf4 Bxf4 29. gxf4 Kf7 30. Bc3 Rxa3 31. Be5 Rc8 32. Bxc7 Rxc7 33. Rxd5 Ra5 34. Rb4 Re7 35. Rd6 Ra4 36. Rxb5 Rc4 37. Rdb6 g5 38. fxg5 hxg5 39. Rxb7 Rxb7 40. Rxb7+ Kf6 41. Rc7 Kf5 42. Kg2 Rc1 43. c6 Kg4 44. Rc8 Rc5 45. c7 Rc6 46.
h3+ Kh4 47. Rh8+ 1-0

[Event "*** Titled Tuesday Blitz"]
[Site "Chess.com"]
[Date "2018.01.02"]
[Round "7"]
[White "jbj"]
[Black "DrZeiss"]
[Result "1-0"]
[WhiteElo "2293"]
[BlackElo "2171"]
[TimeControl "180+2"]
[EndTime "14:34:59 PST"]
[Termination "jbj won on time"]

1. e4 c5 2. d4 cxd4 3. c3 dxc3 4. Nxc3 Nc6 5. Nf3 d6 6. Bc4 e6 7.
O-O a6 8. Qe2 b5 9. Bb3 Ra7 10.
Be3 Rd7 11. Ng5 Na5 12. Nxe6 fxe6 13. Bxe6 Re7 14. Bxc8 Qxc8 15. Nd5 Rxe4 16. Rac1 Qf5 17. Nc7+ Kf7 18. Rfd1 Nf6 19. b3 Be7 20. Qd2 b4 21. Nxa6 Qb5 22. Nxb4 Qxb4 23. Qd3 Nb7 24. Rc7 Nc5 25. Qxd6 Rxe3 26. fxe3 Qe4 27. Qxc5 Re8 28. Qc4+ Kg6 29. Qxe4+ Nxe4 30. Rdd7 Bf6 31. Kf1 Nc3 32. Rd3 Nxa2 33. Rc4 Rb8 34. Ke1 Nb4 35. Rd6 Na2 36. Ra6 Nb4 37. Ra4 Nd3+ 38. Ke2 Rxb3 39. Rc2 1-0

[Event "*** Titled Tuesday Blitz"]
[Site "Chess.com"]
[Date "2018.01.02"]
[Round "7"]
[White "Ginger_GM"]
[Black "Robert_Chessmood"]
[Result "0-1"]
[WhiteElo "2470"]
[BlackElo "2719"]
[TimeControl "180+2"]
[EndTime "14:35:00 PST"]
[Termination "Robert_Chessmood won by resignation"]

1. d4 Nf6 2. c4 e6 3. Nf3 Bb4+ 4. Nbd2 O-O 5. a3 Be7 6. e4 d6 7. b3 e5 8. Bb2 exd4 9. Nxd4 Re8 10. Be2 Bf8 11.
Qc2 c5 12. N4f3 Nc6 13. O-O Bg4 14. Rfe1 Bh5 15. Bd3 Nd7 16. Re3 Nde5 17. Bf1 Be7 18. g3 Bf6 19. Bg2 Bg6 20. h3 Nxf3+ 21. Nxf3 Bxb2 22.
Qxb2 Rxe4 23. Rae1 Rxe3 24. Rxe3 Qf8 25. Qe2 f6 26. h4 Re8 27. Nd2 Rxe3 28. Qxe3 Qe8 29. Bd5+ Kf8 30. Qxe8+ Bxe8 31. Kf1 b6 32. Ke2 Nd4+ 33.
Kd3 Ke7 34. b4 h6 35. g4 g5 36. h5 f5 37. f3 Bd7 38. gxf5 Bxf5+ 39. Kc3 Kf6 40. a4 Ne2+ 41. Kb3 Nf4 42. Bc6 Nxh5 43. a5 Nf4 44. bxc5 dxc5 45. Nf1 h5 46. Ka4 h4 47. Kb5 Ke5 48. axb6 axb6 49. Ne3 h3 50. Kxb6 h2 0-1

[Event "*** Titled Tuesday Blitz"]
[Site "Chess.com"]
[Date "2018.01.02"]
[Round "7"]
[White "tigra"]
[Black "GMHess"]
[Result "0-1"]
[WhiteElo "2684"]
[BlackElo "2634"]
[TimeControl "180+2"]
[EndTime "14:35:06 PST"]
[Termination "GMHess won by checkmate"]

1. e4 e5 2. Nf3 Nc6 3. Bc4 Bc5 4. c3 Nf6 5. d3 a6 6. a4 Ba7 7. a5 d6 8. Nbd2 O-O 9. O-O Be6 10. Bxe6 fxe6 11.
Nc4 Qe8 12. Be3 Nh5 13. Bxa7 Rxa7 14. d4 exd4 15. cxd4 Nf4 16. g3 Qg6 17. Re1 Rf7 18. Ra3 Ra8 19. Nh4 Qg5 20. Rf3 Raf8 21. Ree3 Qg4 22.
Qd2 g5 23. d5 gxh4 24. Kh1 Nxd5 25. Rxf7 Rxf7 26. exd5 Qxc4 27. Rd3 Qe4+ 28. Kg1 Ne5 29.
Qg5+ Qg6 30. Qxg6+ hxg6 31. Rd1 exd5 32. Rxd5 hxg3 33.
hxg3 Rf5 34. Kg2 Ng4 35. Rd4 Nxf2 36. Rb4 Rb5 37. Rc4 Rxb2 38. Rxc7 Ne4+ 39. Kf3 Nf6 40. g4 Rb3+ 41. Kf4 Nd5+ 42. Kg5 Nxc7 43. Kh6 d5 44.
g5 Kf7 45. Kh7 Rh3# 0-1

[Event "*** Titled Tuesday Blitz"]
[Site "Chess.com"]
[Date "2018.01.02"]
[Round "7"]
[White "gmmoranda"]
[Black "Dr-Bassem"]
[Result "1-0"]
[WhiteElo "2741"]
[BlackElo "2640"]
[TimeControl "180+2"]
[EndTime "14:35:13 PST"]
[Termination "gmmoranda won on time"]

1. d4 Nf6 2. c4 g6 3. Nc3 Bg7 4. e4 d6 5. f4 O-O 6. Nf3 c5 7. d5 e6 8. Be2 exd5 9. cxd5 Nbd7 10. O-O Re8 11. Qc2 a6 12. a4 Rb8 13. Nd2 Qc7 14. Kh1 b6 15. Nc4 b5 16. axb5 axb5 17.
Nxd6 Qxd6 18. e5 Qb6 19. exf6 Nxf6 20. Bxb5 Bf5 21. Qa4 Red8 22. Bc4 Qd6 23. Qc6 Qe7 24. Ra5 Rbc8 25. Qa6 Ng4 26. h3 Qh4 27. Ne2 Nf2+ 28.
Kg1 Nxh3+ 29. gxh3 Bxh3 30. Ra3 Bxf1 31. Kxf1 Qh1+ 32.
Kf2 Re8 33. Be3 Bf6 34. Qxf6 Qh2+ 35. Ke1 Qh1+ 36. Kd2 Rb8 37. d6 Rf8 38. d7 Qb1 39.
Rb3 Rbd8 40. Rb7 Qe4 41. Qa6 Rfe8 42. Bxc5 1-0

[Event "*** Titled Tuesday Blitz"]
[Site "Chess.com"]
[Date "2018.01.02"]
[Round "7"]
[White "EndgameGrinder"]
[Black "GMAkobianSTL"]
[Result "1-0"]
[WhiteElo "2470"]
[BlackElo "2641"]
[TimeControl "180+2"]
[EndTime "14:35:15 PST"]
[Termination "EndgameGrinder won by resignation"]

1. e4 e6 2. d4 d5 3. Nd2 Nf6 4. e5 Nfd7 5. Bd3 c5 6. c3 b6 7. Ne2 Ba6 8. Bxa6 Nxa6 9. O-O Be7 10. f4 f5 11. exf6 Nxf6 12. Nf3 O-O 13. Ng3 Nc7 14. Qe2 Bd6 15. Ne5 Qe8 16. Be3 cxd4 17. cxd4 Qb5 18.
Qxb5 Nxb5 19. a4 Nc7 20. Rac1 Na6 21. Rc6 Rad8 22. Bd2 Nb8 23. Rc2 Rc8 24. Rfc1 Rxc2 25. Rxc2 a5 26. b3 g6 27. h3 Rd8 28. Kf2 Kf8 29. Ke3 Ke7 30. Kd3 Rf8 31. Be3 Na6 32. Bd2 Nb8 33. Be3 Ng8 34. Ne2 Nf6 35. Ng3 Rg8 36. Ne2 Ne4 37. Nc3 Bxe5 38. fxe5 Nc6 39. Nxd5+ exd5 40. Rxc6 Rb8 41. Rc7+ Ke6 42. Rxh7 b5 43.
axb5 Rxb5 44. Kc2 Rb6 45. Rg7 Rc6+ 46. Kb2 g5 47. Rg6+ Kd7 48. Rxc6 Kxc6 49. Kc2 Kb5 50. Bd2 a4 51. bxa4+ Kxa4 52. e6 Kb5 53. e7 Nd6 54.
Bxg5 Kc6 55. Kd3 Kd7 56. h4 Nf5 57. g4 Nxe7 58. Bxe7 Kxe7 59. Ke3 1-0

[Event "*** Titled Tuesday Blitz"]
[Site "Chess.com"]
[Date "2018.01.02"]
[Round "7"]
[White "ftorodent"]
[Black "jcibarra"]
[Result "1-0"]
[WhiteElo "2527"]
[BlackElo "2696"]
[TimeControl "180+2"]
[EndTime "14:35:20 PST"]
[Termination "ftorodent won on time"]

1. d4 Nf6 2. c4 d6 3. Nf3 g6 4. g3 Bg7 5. Bg2 O-O 6. O-O Bf5 7. Nc3 Ne4 8. Bd2 Nxd2 9. Qxd2 Nc6 10. e3 Qd7 11. Rac1 Bh3 12. a3 Bxg2 13. Kxg2 e6 14. e4 e5 15. d5 Ne7 16. Qe2 f5 17. b4 Bh6 18. Rcd1 f4 19. h3 g5 20. Nh2 Ng6 21. Qg4 Qg7 22. c5 Kh8 23. cxd6 cxd6 24. Nb5 Rf6 25. Rc1 a6 26. Nc7 Rg8 27. Ne6 Qd7 28. Qh5 Rxe6 29. dxe6 Qxe6 30. Ng4 Bf8 31. Rc7 Be7 32. Rxb7 Qc4 33. Nf6 Qf7 34. Rxe7 Qxe7 35.
Nxg8 Kxg8 36. Rc1 Kg7 37. Qg4 Qb7 38. Qf5 h6 39. Kh2 Qb6 40. Rc2 Nf8 41. Qc8 Qd4 42. Qc7+ Kg8 43. Qc4+ Ne6 44. Qxe6+ 1-0

[Event "*** Titled Tuesday Blitz"]
[Site "Chess.com"]
[Date "2018.01.02"]
[Round "7"]
[White "Andrejs_Sokolov"]
[Black "maciek_92"]
[Result "1-0"]
[WhiteElo "2623"]
[BlackElo "2546"]
[TimeControl "180+2"]
[EndTime "14:35:22 PST"]
[Termination "Andrejs_Sokolov won by checkmate"]

1. d4 Nf6 2. Nf3 e6 3. g3 b6 4. Bg2 Bb7 5. O-O Be7 6. c4 O-O 7. Nc3 Ne4 8. Qc2 Nxc3 9. bxc3 d5 10. cxd5 exd5 11. c4 Nc6 12. cxd5 Qxd5 13. Rd1 Rad8 14.
Bf4 Ba8 15. Rac1 Bd6 16. e4 Qa5 17. e5 Ba3 18. Ng5 g6 19. Bxc6 Bxc1 20. Bxc1 Bxc6 21. Qxc6 Qxa2 22. Ne4 Qe2 23. Nc3 Qh5 24. Be3 a5 25.
Rd2 a4 26. Qxa4 Ra8 27. Qc6 Qh3 28. Rd1 Qh5 29. Rf1 Qh3 30. Nd5 h5 31. Qxc7 Ra2 32. Qxb6 Rfa8 33. Nf4 Qf5 34. Qc6 R2a6 35. Qd5 h4 36. Kg2 g5 37. Nh5 Ra1 38. Nf6+ Kh8 39. g4 h3+ 40. Kxh3 Qg6 41. Rxa1 Rxa1 42. Qd8+ Kg7 43.
Qg8+ Kh6 44. Qh8+ Qh7 45. Qxh7# 1-0

[Event "*** Titled Tuesday Blitz"]
[Site "Chess.com"]
[Date "2018.01.02"]
[Round "7"]
[White "severomorskij"]
[Black "gkchesstiger"]
[Result "1-0"]
[WhiteElo "2675"]
[BlackElo "2632"]
[TimeControl "180+2"]
[EndTime "14:35:26 PST"]
[Termination "severomorskij won by resignation"]

1. d4 d5 2. c4 c6 3. Nc3 Nf6 4. Nf3 a6 5. cxd5 cxd5 6. Bg5 e6 7. e3 h6 8. Bxf6 Qxf6 9. Ne5 Bd6 10. f4 Nc6 11. Bd3 Qh4+ 12. g3 Qh3 13. Ng4 e5 14. Nf2 Qd7 15. fxe5 Bb4 16. O-O Qd8 17. a3 Bxc3 18.
bxc3 Be6 19. Qf3 Qa5 20. Rfc1 O-O 21. c4 Rad8 22. cxd5 Bxd5 23. Be4 Be6 24. Nd3 f6 25. exf6 Rxf6 26. Qe2 Re8 27. Nf4 Bf7 28. Qd3 g5 29.
Rc5 Qd8 30. Nd5 Rd6 31. Nc3 Ne5 32. Qe2 Nd7 33. Rf5 Nf6 34. Bg2 Rxd4 35. Raf1 Rd6 36. Qf3 Kg7 37. e4 Bh5 38. Qf2 Ng4 39. Qa7 Qb6+ 40.
Qxb6 Rxb6 41. Nd5 Rb2 42. h3 Ne5 43. Nf6 Re7 44. Nxh5+ Kg6 45. g4 1-0

[Event "*** Titled Tuesday Blitz"]
[Site "Chess.com"]
[Date "2018.01.02"]
[Round "7"]
[White "Jbd735"]
[Black "Frolik67"]
[Result "1-0"]
[WhiteElo "2293"]
[BlackElo "2423"]
[TimeControl "180+2"]
[EndTime "14:35:31 PST"]
[Termination "Jbd735 won by resignation"]

1. e4 e6 2. d4 d5 3. Nc3 Nf6 4. Bg5 Be7 5. e5 Nfd7 6. h4 h6 7. Bxe7 Qxe7 8. f4 a6 9. Nf3 c5 10. Qd2 Nc6 11. g4 b5 12. O-O-O Rb8 13. Bh3 Nb6 14. f5 Nc4 15. Qf4 a5 16. f6 gxf6 17. exf6 Qa7 18. Rhe1 Kd8 19. dxc5 a4 20. Nxd5 exd5 21.
Rxd5+ Bd7 22. g5 Rb7 23. Red1 hxg5 24. Nxg5 Re8 25. Qf5 N4e5 26. Nxf7+ Kc8 27. Rxd7 Rxd7 28. Nd6+ Kb8 29. Nxe8 Rxd1+ 30. Kxd1 Qxc5 31. Qc8+ Ka7 32. Qc7+ Ka8 33. Qc8+ Ka7 34. Qc7+ Ka8 35. Nd6 Qd4+ 36. Ke2 Qa7 37. Qc8+ Qb8 38. Qa6+ Qa7 39. Qxa7+ Kxa7 40.
f7 Ng6 41. h5 Nf8 42. h6 Ne7 43. Bg2 Kb6 44. Be4 Kc5 45. Nf5 Neg6 46. c3 Ne5 47. a3 Nc4 48. Nd4 Nxb2 49. h7 Nxh7 50. Bxh7 Nc4 51. f8=Q+ Kb6 52. Qf6+ Ka5 53. Qg5 Nxa3 54.
Qc5 1-0

[Event "*** Titled Tuesday Blitz"]
[Site "Chess.com"]
[Date "2018.01.02"]
[Round "7"]
[White "jposthuma"]
[Black "BillForster"]
[Result "1-0"]
[WhiteElo "2321"]
[BlackElo "1513"]
[TimeControl "180+2"]
[EndTime "14:35:33 PST"]
[Termination "jposthuma won by checkmate"]

1. d4 d5 2. c4 c6 3. Nf3 Nf6 4. g3 dxc4 5. Bg2 Bf5 6. Ne5 e6 7. Nc3 Be7 8. O-O O-O 9. Nxc4 Nbd7 10.
e4 Bg6 11. e5 Nd5 12. Ne4 Bxe4 13. Bxe4 Re8 14. Qh5 Nf8 15. f4 f5 16. exf6 Nxf6 17.
Qe5 Nxe4 18. Qxe4 Bf6 19. Be3 Qd5 20. Qxd5 exd5 21. Ne5 Bxe5 22. fxe5 Ne6 23. b4 Rf8 24. a4 Rxf1+ 25. Kxf1 Rf8+ 26. Ke2 Rf5 27. Rc1 Rh5 28.
h4 Rf5 29. b5 Nd8 30. bxc6 bxc6 31. Rb1 Rf8 32. Rb8 Ne6 33. Rb7 Rf7 34. Rb8+ Rf8 35.
Rb1 Rf7 36. Kd3 Rc7 37. Rb8+ Kf7 38. Kc3 c5 39. dxc5 Nxc5 40. Bxc5 Rxc5+ 41. Kd4 Rc4+ 42. Kxd5 Rxa4 43. e6+ Ke7 44. Rb7+ Ke8 45. Rxg7 Ra5+ 46. Kd6 Ra6+ 47. Ke5 Ra5+ 48. Kf6 Ra3 49. Rg8# 1-0

[Event "*** Titled Tuesday Blitz"]
[Site "Chess.com"]
[Date "2018.01.02"]
[Round "7"]
[White "pKiLz5Rn9b"]
[Black "Incognito_Knight"]
[Result "0-1"]
[WhiteElo "2612"]
[BlackElo "2548"]
[TimeControl "180+2"]
[EndTime "14:35:38 PST"]
[Termination "Incognito_Knight won on time"]

1. b3 e5 2. Bb2 Nc6 3. e3 Nf6 4. Nf3 e4 5. Nd4 Nxd4 6. Bxd4 c5 7. Bb2 Be7 8. d3 exd3 9. Bxd3 d5 10. O-O O-O 11. Nd2 Bg4 12. Nf3 Rc8 13. h3 Bh5 14. c4 Re8 15. cxd5 Nxd5 16. Be2 Nb4 17. a3 Nc6 18. Nd2 Bg6 19. Rc1 Qc7 20. Nf3 Rcd8 21. Qe1 Qb6 22. Nd2 Na5 23. b4 cxb4 24. Bd4 Rxd4 25.
exd4 bxa3 26. Nc4 Nxc4 27. Bxc4 Qd8 28. Qc3 a6 29. Rfe1 b5 30. Ba2 Bf8 31. d5 b4 32.
Rxe8 Qxe8 33. Qc8 Qe5 34. Qxa6 Qb2 35. Qc4 h5 36. d6 Bxd6 37. Rd1 Qe5 38. g3 h4 39.
Qxh4 Bc2 40. Qd8+ Bf8 41. Rd7 b3 42. Bxb3 Bxb3 43. Ra7 a2 44. Qa8 Bd5 45. Qc8 Qe1+ 0-1

[Event "*** Titled Tuesday Blitz"]
[Site "Chess.com"]
[Date "2018.01.02"]
[Round "7"]
[White "ChainsOfFantasia"]
[Black "Colombiano07"]
[Result "1-0"]
[WhiteElo "2470"]
[BlackElo "2220"]
[TimeControl "180+2"]
[EndTime "14:35:39 PST"]
[Termination "ChainsOfFantasia won by resignation"]

1. d4 d5 2. c4 Bf5 3. Nf3 e6 4. Nc3 c6 5. cxd5 exd5 6. Bf4 Bd6 7. Bxd6 Qxd6 8. e3 Nf6 9. Be2 Nbd7 10. O-O O-O 11.
a3 Ne4 12. Rc1 Rae8 13. b4 Re6 14. Nxe4 dxe4 15. Nd2 Rh6 16. f4 exf3 17. Nxf3 Be4 18.
g3 Nf6 19. Ne5 Nd5 20. Qd2 Re6 21. Bd3 Bxd3 22. Qxd3 Nxb4 23. Qb3 Nd5 24. Qxb7 Qxa3 25. Rce1 Qe7 26. Qxe7 Nxe7 27. Nd7 Rd8 28. Nc5 Red6 29. Nb7 Nd5 30. Nxd6 Rxd6 31. Ra1 Rd7 32. Kf2 g6 33. Rfc1 Rd6 34. Rxa7 Rf6+ 35. Ke2 Re6 36. Ra3 Kg7 37. Kf3 g5 38. h3 h5 39. g4 hxg4+ 40. hxg4 Kg6 41.
e4 Nf6 42. Re3 Ne8 43. Rec3 Nf6 44. e5 Nd5 45. Rxc6 Nf4 46. Rxe6+ fxe6 47. Rc6 Kf7 48.
Ke4 Nd5 49. Rd6 Nc3+ 50. Kd3 Nb5 51. Rd7+ Ke8 52. Rg7 1-0

[Event "*** Titled Tuesday Blitz"]
[Site "Chess.com"]
[Date "2018.01.02"]
[Round "7"]
[White "chessdjw"]
[Black "DrVelja"]
[Result "1-0"]
[WhiteElo "2526"]
[BlackElo "2549"]
[TimeControl "180+2"]
[EndTime "14:35:59 PST"]
[Termination "chessdjw won by resignation"]

1. Nf3 Nf6 2. g3 g6 3. Bg2 Bg7 4. O-O O-O 5. d4 d6 6. b3 c5 7. c4 Nc6 8. Nc3 Bg4 9. d5 Nxd5 10. cxd5 Bxc3 11. Bh6 Bxf3 12. exf3 Bxa1 13. Bxf8 Ne5 14.
Bxe7 Qxe7 15. Qxa1 Re8 16. f4 Nd7 17. h4 Qf6 18. Qxf6 Nxf6 19. Bf3 b5 20. Rc1 h5 21.
Kf1 Kf8 22. Ra1 Re7 23. Rb1 a6 24. Rc1 a5 25. Be2 Nxd5 26. Bxb5 Nf6 27. Bc6 d5 28. Rxc5 Rc7 29. a3 Ke7 30. b4 axb4 31.
axb4 Kd6 32. Ba4 Rxc5 33. bxc5+ Kxc5 34. Ke2 Kd4 35. Kf3 Kc3 36. f5 gxf5 37. Kf4 d4 38. Kxf5 Nd5 39. g4 hxg4 40. h5 g3 41. fxg3 d3 42. h6 Ne3+ 43. Kg5 f6+ 44. Kxf6 Nc2 45. h7 d2 46. h8=Q d1=Q 47. Kf7+ Kb4 48. Qh4+ Kc5 49. Qg5+ Kb4 50. Qf4+ Ka3 51. Bxc2 Qxc2 52.
g4 Qh7+ 53. Kf6 Qh8+ 54. Ke7 Qg7+ 55. Ke8 Qg6+ 56. Kf8 Qe6 57. g5 Qc8+ 58. Kg7 Qd7+ 59. Qf7 Qd4+ 60. Kg8 Kb4 61. g6 Kc5 62. g7 Kc6 63.
Qe6+ Kc7 64. Kf8 Qd8+ 65. Qe8 1-0

[Event "*** Titled Tuesday Blitz"]
[Site "Chess.com"]
[Date "2018.01.02"]
[Round "7"]
[White "JordiQC"]
[Black "AndrewMcStone"]
[Result "1-0"]
[WhiteElo "1879"]
[BlackElo "2043"]
[TimeControl "180+2"]
[EndTime "14:36:09 PST"]
[Termination "JordiQC won on time"]

1. e4 Nc6 2. d4 d5 3. e5 Bf5 4. c3 e6 5. Bd3 Nge7 6. f4 Qd7 7. Nf3 h5 8. Be3 f6 9. Na3 O-O-O 10.
Nh4 Bg4 11. Be2 Nf5 12. Nxf5 Bxf5 13. Bd3 Bg4 14. Be2 Bf5 15. Bd3 Bxd3 16. Qxd3 Be7 17. b4 fxe5 18. fxe5 g5 19. Kd2 Rdf8 20. Rhf1 Qe8 21.
Nc2 g4 22. a4 Nd8 23. a5 Nf7 24. a6 b6 25. Na3 Ng5 26. Bxg5 Bxg5+ 27. Kc2 Bf4 28. g3 Bg5 29. Nb5 Rxf1 30. Rxf1 Kb8 31. Na3 Rf8 32. Nb1 Rxf1 33. Qxf1 Qg6+ 34. Kb2 Be7 35. Qf2 c6 36. Nd2 Kc7 37. Nf1 Qg7 38. Ne3 Qf8 39. Qxf8 Bxf8 40. Ng2 Bh6 41. Kc2 c5 42. b5 cxd4 43. cxd4 Kd7 44. Kd3 Bc1 45.
Ne1 Ke7 46. Nc2 Bg5 47. Nb4 h4 48. Nc6+ Kd7 49. Nxa7 Kc7 50. Nc6 Bf4 51. gxh4 Bxh2 52. Ke3 Bg3 53. h5 Be1 54. h6 g3 55. Kf3 Bd2 56. h7 1-0

[Event "*** Titled Tuesday Blitz"]
[Site "Chess.com"]
[Date "2018.01.02"]
[Round "7"]
[White "FrankieJay"]
[Black "BillCoe"]
[Result "1-0"]
[WhiteElo "2273"]
[BlackElo "1922"]
[TimeControl "180+2"]
[EndTime "14:36:12 PST"]
[Termination "FrankieJay won by resignation"]

1. c4 c5 2. Nf3 Nc6 3. Nc3 Nf6 4. g3 g6 5. Bg2 Bg7 6. d4 cxd4 7.
Nxd4 a6 8. O-O O-O 9. e3 Ne5 10. b3 d6 11. Bb2 Bg4 12. f3 Bd7 13. Kh1 Rc8 14. Rc1 Re8 15. e4 Nc6 16. Nxc6 Bxc6 17. Re1 e6 18. Qd2 Re7 19. Rcd1 Rd7 20. Ne2 b5 21. cxb5 axb5 22. Nd4 Qb6 23. Nxc6 Rxc6 24. Bd4 Qc7 25. Rc1 Ne8 26. Rxc6 Qxc6 27. Rc1 Qb7 28.
Bxg7 Nxg7 29. f4 Ne8 30. Qb4 Nc7 31. a4 Na6 32. Qxb5 Qxb5 33. axb5 Nc5 34. b4 Nd3 35. Rc8+ Kg7 36. b6 Rb7 37. Rc6 Nxb4 38. Rxd6 Kf8 39. e5 Rb8 40. b7 Ke7 41. Be4 h5 42. Rb6 Nd5 43. Bxd5 exd5 44. Kg2 Kd7 45. Rf6 Ke7 46. Rb6 Kd7 47. Kf3 Kc7 48. Rf6 Kxb7 49. Rxf7+ Kc6 50.
Rf6+ Kc5 51. Rxg6 Rb3+ 52. Kg2 Rb2+ 53. Kh3 d4 54. Rd6 Kc4 55. e6 Re2 56. f5 d3 57.
f6 Re5 58. Rxd3 Kxd3 59. f7 Rxe6 60. f8=Q 1-0

[Event "*** Titled Tuesday Blitz"]
[Site "Chess.com"]
[Date "2018.01.02"]
[Round "7"]
[White "inegrepus"]
[Black "timator"]
[Result "0-1"]
[WhiteElo "2139"]
[BlackElo "2321"]
[TimeControl "180+2"]
[EndTime "14:36:13 PST"]
[Termination "timator won by resignation"]

1. d4 Nf6 2. c4 e6 3. Nc3 Bb4 4. e3 O-O 5. Ne2 Re8 6. a3 Bf8 7. d5 exd5 8. cxd5 c5 9. Ng3 d6 10. e4 a6 11. a4 Nbd7 12. Be2 g6 13. O-O Bg7 14. f4 h5 15. f5 h4 16. Nh1 Nxe4 17. fxg6 fxg6 18. Nxe4 Rxe4 19. Bd3 Re7 20. Bxg6 Nf8 21.
Bc2 Bd4+ 22. Nf2 h3 23. Qh5 Rg7 24. g3 Qf6 25. Bh6 Rf7 26. Bf4 Bf5 27. Bxf5 Qxf5 28. Qxf5 Rxf5 29. Rfe1 Ng6 30. Re4 Raf8 31. Rxd4 cxd4 32.
Nxh3 Rxd5 33. Rd1 d3 34. Bh6 Rc8 35. Rd2 Rc1+ 36. Kg2 Rc2 37. Be3 Re5 38. Kf3 Rxd2 39.
Bxd2 Re2 40. Bc3 Rxh2 41. Ng5 d2 42. Bxd2 Rxd2 43. Ne4 Rxb2 44. Nxd6 Rb3+ 45. Kg4 Rb4+ 46. Kg5 Ne5 47. Kf5 Nf7 48. Ne8 Rxa4 49. g4 Ra5+ 50. Kf6 Ng5 51. Kg6 Ne4 52. g5 Rxg5+ 53. Kh6 Ra5 54. Nc7 Kf7 55. Na8 Ra1 56. Kh5 Ke6 57. Kg4 Ke5 58. Kf3 Rf1+ 59. Ke3 Rc1 60. Nb6 Rc6 61. Nd7+ Kd6 62. Nb8 Rc8 63. Nxa6 bxa6 64.
Kxe4 a5 65. Kd4 a4 0-1

[Event "*** Titled Tuesday Blitz"]
[Site "Chess.com"]
[Date "2018.01.02"]
[Round "7"]
[White "TenisMaster"]
[Black "asms9699"]
[Result "1-0"]
[WhiteElo "2710"]
[BlackElo "2498"]
[TimeControl "180+2"]
[EndTime "14:36:21 PST"]
[Termination "TenisMaster won by resignation"]

1. e4 e6 2. d4 d5 3. Nc3 Nf6 4. e5 Nfd7 5. Nce2 c5 6. c3 Nc6 7. f4 Qb6 8. Nf3 f6 9. Qb3 cxd4 10. Qxb6 Nxb6 11. Nexd4 Nxd4 12. cxd4 Bd7 13. Bd3 Rc8 14. b3 a6 15. Bd2 Bb5 16. Ke2 Ba3 17. Rab1 Rc2 18.
Bxb5+ axb5 19. Kd3 Rxa2 20. Ra1 Rxa1 21. Rxa1 b4 22. Ne1 Kd7 23. Nc2 Ra8 24. exf6 gxf6 25. g4 Rg8 26. h3 h5 27. g5 fxg5 28. fxg5 Nc8 29. Rf1 Nd6 30. Rf6 Bb2 31. Rh6 Bc3 32. Rh7+ Kc6 33. h4 Ne4 34. Nxb4+ Bxb4 35. Bxb4 Ng3 36. Ba5 Rf8 37. Be1 Rf3+ 38. Kc2 Nf5 39. Rxh5 Nxd4+ 40. Kd1 Rd3+ 41. Kc1 Rxb3 42. g6 Re3 43.
Bf2 Nb3+ 44. Kb2 Rf3 45. g7 Nd2 46. g8=Q Nc4+ 47. Kc1 Rxf2 48. Qe8+ Kc5 49. Qxe6 Rd2 50. Qe7+ Kd4 51. Qf6+ Kc5 52. Qf8+ Kd4 53. Rg5 b5 54. Rg4+ Kc3 55. Rg3+ Kd4 56. Qg7+ Ke4 57. Qg6+ Kd4 58. Qf6+ Kc5 59. Qc3 Rh2 60. Rd3 Rxh4 61.
Qe1 b4 62. Qxh4 1-0

[Event "*** Titled Tuesday Blitz"]
[Site "Chess.com"]
[Date "2018.01.02"]
[Round "7"]
[White "Muracle"]
[Black "attack2mateU"]
[Result "1-0"]
[WhiteElo "2512"]
[BlackElo "2602"]
[TimeControl "180+2"]
[EndTime "14:36:24 PST"]
[Termination "Muracle won by resignation"]

1. Nf3 c5 2. g3 d5 3. Bg2 Nf6 4. O-O e6 5. b3 Be7 6. Bb2 O-O 7.
d3 Nc6 8. Nbd2 d4 9. e4 dxe3 10. fxe3 Nd5 11. Qe2 Bf6 12. Bxf6 Qxf6 13. Ne4 Qe7 14.
Rae1 h6 15. Kh1 b6 16. c4 Nc7 17. d4 Bb7 18. Qf2 Nb4 19. Ne5 Qd8 20. dxc5 f6 21.
Rd1 Qe8 22. Nd6 fxe5 23. Qxf8+ Qxf8 24. Rxf8+ Rxf8 25. Nxb7 Nca6 26. c6 Nc2 27. Bh3 Nxe3 28. Bxe6+ Kh7 29. Re1 Nc2 30. Rxe5 Nd4 31. h4 Nxc6 32. Re4 Rf2 33. Bd5 Ncb4 34. Be6 Kg6 35. a3 Nd3 36. Nd6 Nac5 37. Re3 Rd2 38. Bf5+ Kf6 39.
Bxd3 Rxd3 40. Rxd3 Nxd3 41. Nc8 Nc1 42. Nxa7 Nxb3 43. Nc8 Kf5 44. Nxb6 Kg4 45. Kg2 g5 46. hxg5 hxg5 47. Nd7 Kf5 48. a4 Ke6 49. Nb6 Kd6 50. Nd5 Nc5 51. a5 Ke5 52. Kf3 Kd4 53. Nb6 Ke5 54.
Kg4 Kf6 55. Nd5+ Kg6 56. Nc7 Nd7 57. a6 Ne5+ 58. Kh3 Nxc4 59. Nd5 Ne5 60. a7 1-0